 Dungeon Crawl Stone Soup version 0.28-a0-1555-g9ae15a6949 (webtiles) character file.

Game seed: 2481847700434331507

764 HallandMoats the Skirmisher (level 7, -6/62 HPs)
             Began as a Ghoul Monk on Jan 18, 2022.
             Was a Believer of Okawaru.
             Killed by divine providence
             ... invoked by an orc priest
              (14 damage)
             ... on level 5 of the Dungeon.
             The game lasted 00:06:28 (5805 turns).

HallandMoats the Skirmisher (Ghoul Monk)            Turns: 5805, Time: 00:06:29

Health: -6/62      AC: 10    Str: 17    XL:     7   Next: 81%
Magic:  6/8        EV: 12    Int:  5    God:    Okawaru [**....]
Gold:   270        SH:  0    Dex: 11    Spells: 6/6 levels left

rFire   . . .      SeeInvis .     - Unarmed
rCold   + . .      Faith    .   (no shield)
rNeg    + + +      Spirit   .   g - +0 scale mail
rPois   ∞          Reflect  .   s - +0 helmet
rElec   .          Harm     .   m - +0 cloak
rCorr   .          Rampage  .   (no gloves)
Will    .....                   (no boots)
Stlth   ++........              (no amulet)
HPRegen 0.00/turn               (no ring)
MPRegen 0.11/turn               (no ring)

@: heroic, inhibited regen
A: claws 1, cold resistance 1, negative energy resistance 3, inhibited
regeneration, torment resistance 2
a: Renounce Religion, Heroism


You were on level 5 of the Dungeon.
You worshipped Okawaru.
Okawaru was pleased with you.
You visited 1 branch of the dungeon, and saw 5 of its levels.

You collected 270 gold pieces.

Inventory:

Hand Weapons
 b - a +0 hunting sling
 p - a +2 dagger of venom
Missiles
 f - 114 stones (quivered)
 t - 28 sling bullets
Armour
 g - a +0 scale mail (worn)
 m - a +0 cloak (worn)
 s - a +0 helmet (worn)
Scrolls
 c - a scroll of torment {unknown}
 d - a scroll of noise {unknown}
 e - a scroll of immolation {unknown}
 j - 5 scrolls of identify {unknown}
 k - a scroll of vulnerability {unknown}
 o - a scroll of magic mapping {unknown}
 q - 2 scrolls of teleportation {unknown}
Potions
 a - a potion of cancellation
 h - 2 potions of mutation {unknown}
 i - a potion of flight {unknown}
 l - a potion of heal wounds
 n - a potion of invisibility {unknown}
 r - a potion of brilliance {unknown}


   Skills:
 * Level 5.9(10.9) Fighting
 * Level 3.7(8.7) Slings
 + Level 2.4(7.4) Armour
 + Level 4.0(9.0) Dodging
 - Level 2.1(7.1) Stealth
 - Level 3.2(8.2) Unarmed Combat
 + Level 3.3 Invocations


You had 6 spell levels left.
You didn't know any spells.
Your spell library contained the following spells:

 Spells                   Type           Power      Damage    Failure   Level
 Static Discharge         Conj/Air       0%         N/A       93%         2
 Inner Flame              Hex/Fire       0%         N/A       99%         3
 Cause Fear               Hex            0%         N/A       100%        4
 Passage of Golubria      Tloc           0%         N/A       100%        4
 Lightning Bolt           Conj/Air       0%         1d11      100%        5
 Silence                  Hex/Air        0%         N/A       100%        5
 Discord                  Hex            0%         N/A       100%        8
 Lehudib's Crystal Spear  Conj/Erth      0%         10d2      100%        8
 Maxwell's Capacitive Co  Air            0%         ∞         100%        8


Dungeon Overview and Level Annotations

Branches:
Dungeon (5/15)
 Temple: D:4-7

Altars:
Okawaru
Ru
Xom

Shops:
D:2 [*

Annotations:
D:3 3 runed translucent doors, Clumpoid's ghost, amateur GnFi; bronco's ghost, amateur HOFi; gimp's ghost, amateur DjWn; sirJeffrey23's ghost, novice HuGl


Innate Abilities, Weirdness & Mutations

You thrive by killing the living.
You are immune to poison.
You have sharp fingernails.
Your flesh is cold resistant. (rC+)
You are immune to negative energy. (rN+++)
You do not regenerate when monsters are visible.
You are immune to unholy pain and torment.


Message History

The orc is heavily wounded.
The orc hits you but does no damage.
The orc priest casts a cantrip, but nothing happens.
You shoot a stone. The stone barely misses the orc.
The orc hits you with a +0 hand axe. The orc priest barely misses you.
You shoot a stone. The stone closely misses the orc.
The orc hits you but does no damage.
The orc priest hits you but does no damage.
You shoot a stone.
The stone hits the orc but does no damage.
The orc is heavily wounded.
The orc hits you with a +0 hand axe. The orc priest hits you with a +0 mace.
The orc hits you but does no damage.
You are too injured to fight recklessly!
You are too injured to fight recklessly!
You are now empty-clawed.
You barely miss the orc priest. The orc priest hits you with a +0 mace.
The orc hits you but does no damage.
You claw the orc priest!
The orc priest is severely wounded.
The orc priest barely misses you. The orc hits you but does no damage.
You completely miss the orc priest.
The orc priest is severely wounded.
The orc priest invokes the aid of Beogh against you.
Beogh smites you!
* * * LOW HITPOINT WARNING * * *
The orc hits you but does no damage.
You scratch the orc priest.
The orc priest is almost dead.
The orc priest drinks a potion.
The orc priest is healed!
The orc hits you with a +0 hand axe.
* * * LOW HITPOINT WARNING * * *
You gain the combat prowess of a mighty hero.
The orc priest closely misses you. The orc hits you with a +0 hand axe.
* * * LOW HITPOINT WARNING * * *
You claw the orc priest!
The orc priest is almost dead.
The orc priest calls down the wrath of Beogh upon you.
Beogh smites you!
You die...

..#..........# ##
###.#..........# ...
#...#..........##
...#....####.......####
.......................
#.##..)##.#.......#...
#..(##.#....####...
#(..##.......###...
#o@.####...........
#.o................
#((.#.............#
#(..#.............#
....(.............#
..#................#
..#..........#####.#
#.##...(...... ..


You could see an orc priest and an orc.

Vanquished Creatures
  A wraith (D:5)
  2 black bears (D:4)
  An ogre (D:4)
  Crazy Yiuf (D:3)
  A gnoll shaman (D:3)
  3 orc wizards
  A scorpion zombie (D:5)
  9 adders
  3 gnolls
  An adder skeleton (D:4)
  A worm (D:3)
  14 orcs
  9 bats
  5 endoplasms
  3 giant cockroaches
  4 goblins
  5 hobgoblins
  6 jackals
  A quokka (D:4)
  5 ball pythons
  6 frilled lizards
  6 kobolds
  7 rats
95 creatures vanquished.

Vanquished Creatures (others)
  2 withered plants (D:3)
2 creatures vanquished.

Grand Total: 97 creatures vanquished

Notes
Turn   | Place    | Note
-------+----------+-------------------------------------------
     0 | D:1      | HallandMoats the Ghoul Monk began the quest for the Orb.
     0 | D:1      | Reached XP level 1. HP: 19/19 MP: 0/0
   221 | D:1      | Reached XP level 2. HP: 25/26 MP: 1/1
   812 | D:1      | Reached skill level 1 in Slings
   889 | D:1      | Reached XP level 3. HP: 33/33 MP: 2/2
  1103 | D:2      | Found Alo Peon's Armour Emporium.
  1212 | D:2      | Reached skill level 1 in Invocations
  1500 | D:2      | Found Luocvuag's General Store.
  1697 | D:2      | Reached skill level 4 in Fighting
  1763 | D:2      | Found a faded altar of an unknown god.
  2064 | D:3      | Reached XP level 4. HP: 36/40 MP: 3/3
  2408 | D:3      | Reached skill level 1 in Armour
  2419 | D:3      | Identified the +1 leather armour "Heublu" {Contam Rampage
                  | rElec SInv}
  2524 | D:3      | You fall into a shaft and drop 1 floor!
  2592 | D:3      | Found a runed translucent gate.
  2594 | D:3      | Found a runed translucent gate.
  2594 | D:3      | Noticed bronco's ghost (amateur HOFi)
  2595 | D:3      | Found a runed translucent gate.
  2595 | D:3      | Noticed Clumpoid's ghost (amateur GnFi)
  2595 | D:3      | Noticed gimp's ghost (amateur DjWn)
  2597 | D:3      | Noticed sirJeffrey23's ghost (novice HuGl)
  2764 | D:3      | Found a runed translucent door.
  2765 | D:3      | Noticed Crazy Yiuf
  2780 | D:3      | Killed Crazy Yiuf
  2781 | D:3      | Reached XP level 5. HP: 16/47 MP: 3/5
  4089 | D:4      | Noticed a black bear
  4116 | D:4      | Killed a black bear
  4117 | D:4      | Reached skill level 5 in Fighting
  4117 | D:4      | Reached XP level 6. HP: 31/56 MP: 6/6
  4794 | D:4      | Found a sacrificial altar of Ru.
  4809 | D:4      | Noticed a black bear
  4821 | D:4      | Killed a black bear
  4822 | D:4      | Reached XP level 7. HP: 47/61 MP: 7/7
  4980 | D:4      | Found an iron altar of Okawaru.
  4995 | D:4      | Became a worshipper of Warmaster Okawaru
  4995 | D:4      | Reached * piety under Okawaru
  4995 | D:4      | Reached ** piety under Okawaru
  5467 | D:5      | Entered Level 5 of the Dungeon
  5472 | D:5      | Found a shimmering altar of Xom.
  5472 | D:5      | Noticed a wraith
  5488 | D:5      | Killed a wraith
  5805 | D:5      | Killed from afar by an orc priest

Illustrated notes

Levels and vault maps discovered:
D:1:      lemuel_arrival_broad_hall, layout_basic
D:2:      layout_basic, serial_shops, shop, shop,
          hellmonk_ecumenical_altar_leap_of_faith
D:3:      layout_loops_corners, gammafunk_ghost_cemetery,
          uniq_crazy_yiuf_cottage
D:4:      layout_rooms, mainiacjoe_overflow_tiny_flanked,
          mainiacjoe_overflow_surrounded_room, gup_sewer_entry_glass
D:5:      layout_basic, mainiacjoe_overflow_big_doors, minivault_24,
          hellmonk_bongcloud_opening, hangedman_feature_mirror

Skill      XL: |  1  2  3  4  5  6  7 |
---------------+----------------------+-----
Slings         | 1 2 3 |  3.7
Invocations    | 1 2 3 |  3.3
Fighting       | 4 5 |  5.9
Dodging        | 3 4 |  4.0
Armour         | 1 2 |  2.4
Stealth        | |  2.1
Unarmed Combat | |  3.2

Action                   |  1- 3 |  4- 6 |  7- 9 || total
-------------------------+-------+-------+-------++-------
Melee: Unarmed           |   119 |    99 |    43 ||   261
       Punch             |       |     9 |     4 ||    13
       Dagger            |       |    94 |    29 ||   123
 Fire: Hunting sling     |       |       |    21 ||    21
Invok: Heroism           |       |       |     2 ||     2
  Use: Potion            |       |     2 |       ||     2
 Stab: Sleeping          |     6 |       |       ||     6
Armor: Robe              |    16 |       |       ||    16
       Scale mail        |    20 |   130 |    25 ||   175
Dodge: Dodged            |    78 |   116 |    39 ||   233

Table legend: (Time is in decaauts)
 A = Elapsed time spent in this place.
 B = Non-inter-level travel time spent in this place.
 C = Inter-level travel time spent in this place.
 D = Time resting spent in this place.
 E = Time spent auto-exploring this place.
 F = Levels seen in this place.
 G = Mean time per level.
                   A        B        C        D        E       F      G
               +--------+--------+--------+--------+--------+-----+--------+
         Total |   5802 |   5594 |    208 |    590 |   4104 |   5 | 1160.4 |
       Dungeon |   5802 |   5594 |    208 |    590 |   4104 |   5 | 1160.4 |
               +--------+--------+--------+--------+--------+-----+--------+

Top non-repeatable levels by time:
     D:3: 2004 daAuts
     D:4: 1408 daAuts
     D:1: 1093 daAuts
     D:2: 951 daAuts
     D:5: 345 daAuts
